Map: Blackburn LE

Players

Serral - Winner!

  • Race: Zerg Zerg

ShoWTimE

  • Race: Protoss Protoss

Event: DreamHack SC2 Masters 2021 Winter

VOD

Have the link to the VOD?

Description

Time

  • Played on: Oct. 16, 2021, 12:17 p.m.
  • Length: 9:30

All games in this series

Show
View Real Time Build Order
Export as new Build Order

Serral Zerg - Winner!

Build Orders: Hatch First 

Get SALT Encoding   

  12  0:00  Drone  
  13  0:12  Overlord  
  13  0:16  Drone  
  14  0:30  Drone x2  
  16  0:48  Hatchery  
  15  0:51  Drone  
  15  0:55  Drone  
  17  0:58  Drone  
  18  1:09  Extractor  
  17  1:13  Spawning Pool  
  17  1:17  Drone  
  17  1:20  Drone  
  18  1:27  Drone  
  19  1:38  Drone  
  20  1:48  Overlord  
  20  1:59  Queen  
  20  2:00  Queen  
  25  2:01  Zergling x4  
  26  2:11  Drone x2  
  26  2:12  Metabolic Boost  
  28  2:21  Drone x2  
  30  2:37  Hatchery  
  30  2:39  Drone x2  
  31  2:46  Queen  
  31  2:51  Overlord  
  33  2:53  Drone  
  33  2:55  Drone  
  33  2:58  Drone  
  36  3:03  Overlord  
  36  3:09  Drone x3  
  36  3:10  Drone  
  40  3:13  Drone  
  40  3:15  Drone  
  40  3:17  Drone  
  40  3:19  Drone  
  44  3:24  Overlord  
  44  3:28  Queen  
  44  3:32  Queen  
  48  3:34  Drone  
  48  3:38  Overlord  
  49  3:44  Zergling x6  
  52  3:51  Spore Crawler x2  
  52  3:52  Drone x2  
  52  3:53  Drone  
  52  3:55  Drone  
  54  3:59  Drone x3  
  57  4:04  Drone  
  57  4:07  Queen  
  59  4:10  Drone, Zergling x2  
  59  4:15  Overlord  
  59  4:16  Drone x2  
  63  4:19  Drone  
  63  4:20  Drone  
  65  4:25  Overlord  
  65  4:30  Overlord  
  65  4:32  Spore Crawler  
  65  4:34  Drone x5  
  65  4:36  Drone  
  70  4:40  Lair  
  70  4:46  Drone x5  
  70  4:52  Evolution Chamber, Extractor x2  
  72  4:53  Drone x3  
  72  4:54  Zergling x2  
  76  5:00  Drone x5  
  76  5:02  Extractor  
  76  5:06  Queen  
  82  5:07  Queen  
  83  5:14  Drone x4  
  83  5:18  Zerg Missile Weapons Level 1  
  83  5:20  Hatchery  
  86  5:21  Drone  
  86  5:23  Drone  
  86  5:25  Drone  
  86  5:26  Extractor x2  
  86  5:27  Overlord  
  87  5:34  Overlord  
  86  5:38  Drone x3  
  89  5:43  Overseer  
  89  5:44  Infestation Pit  
  89  5:46  Hydralisk Den  
  89  5:47  Drone x3  
  89  5:48  Drone  
  91  5:50  Drone x5  
  91  5:52  Overlord  
  91  5:56  Overseer  
  96  5:59  Extractor  
  95  6:06  Queen x2  
  97  6:15  Muscular Augments  
  97  6:18  Pneumatized Carapace, Spore Crawler  
  96  6:20  Overlord x2  
  96  6:21  Overlord  
  93  6:27  Hydralisk x5  
  101  6:35  Queen  
  101  6:39  Hydralisk x4  
  102  6:46  Hydralisk x3  
  116  6:51  Drone x4  
  116  6:52  Drone  
  119  6:56  Hydralisk  
  119  6:57  Hydralisk  
  119  6:59  Hydralisk  
  125  7:05  Hydralisk x3  
  125  7:06  Hydralisk  
  133  7:13  Hydralisk  
  135  7:15  Overlord  
  135  7:16  Overlord x2  
  135  7:26  Overlord x3  
  135  7:27  Grooved Spines  
  135  7:35  Hydralisk x5  
  145  7:43  Hydralisk  
  145  7:44  Hydralisk x4  
  154  7:52  Hydralisk  
  154  7:53  Hydralisk x3  
  161  7:58  Hydralisk x3  
  161  8:04  Hydralisk x2  
  165  8:16  Hydralisk x5  
  175  8:27  Hydralisk x4  
  171  8:38  Hydralisk x4  
  171  8:41  Hydralisk  
  169  8:43  Hydralisk  
  169  8:45  Hydralisk  
  175  8:48  Overlord  
  175  8:49  Overlord  
  175  8:54  Overlord  
Show
View Real Time Build Order
Export as new Build Order

ShoWTimE Protoss 

Build Orders: 1 Gate Expand, Oracle Opening 

Get SALT Encoding   

  12  0:00  Probe  
  13  0:12  Probe  
  14  0:17  Pylon  
  14  0:24  Probe (Chrono Boost)  
  15  0:36  Probe (Chrono Boost)  
  15  0:40  Gateway  
  16  0:45  Probe (Chrono Boost)  
  16  0:46  Assimilator  
  17  0:50  Probe  
  18  1:03  Probe  
  19  1:15  Probe  
  20  1:26  Nexus  
  20  1:27  Probe  
  21  1:38  Cybernetics Core  
  21  1:42  Assimilator  
  21  1:46  Probe  
  22  1:53  Pylon  
  22  1:58  Probe  
  23  2:11  Probe (Chrono Boost)  
  23  2:14  Adept  
  26  2:16  Stargate  
  26  2:21  Probe (Chrono Boost)  
  27  2:24  Warp Gate  
  27  2:27  Probe (Chrono Boost)  
  28  2:39  Probe x2 (Chrono Boost)  
  30  2:44  Adept  
  30  2:47  Probe x2 (Chrono Boost)  
  34  2:52  Probe (Chrono Boost)  
  34  2:53  Void Ray (Chrono Boost), Probe  
  36  3:04  Probe  
  41  3:05  Probe  
  41  3:10  Pylon  
  42  3:16  Probe  
  42  3:18  Probe  
  44  3:20  Gateway  
  44  3:28  Probe  
  44  3:29  Oracle (Chrono Boost)  
  44  3:30  Probe  
  49  3:40  Probe  
  50  3:42  Probe  
  51  3:50  Nexus  
  51  3:54  Pylon  
  51  3:55  Probe  
  52  3:56  Probe  
  52  4:02  Assimilator  
  53  4:04  Assimilator  
  53  4:07  Probe  
  54  4:12  Probe  
  55  4:17  Stargate  
  55  4:18  Pylon  
  55  4:19  Protoss Air Weapons Level 1, Probe  
  55  4:24  Probe  
  57  4:26  Void Ray (Chrono Boost)  
  57  4:31  Probe  
  57  4:32  Forge  
  57  4:36  Probe  
  63  4:39  Pylon  
  63  4:43  Probe  
  64  4:48  Probe  
  65  4:53  Void Ray (Chrono Boost)  
  65  4:54  Void Ray (Chrono Boost)  
  65  4:56  Probe  
  66  5:00  Probe  
  66  5:03  Probe  
  76  5:08  Probe  
  76  5:10  Assimilator  
  76  5:12  Probe  
  78  5:14  Assimilator  
  78  5:15  Probe  
  78  5:18  Pylon  
  78  5:20  Probe  
  80  5:23  Void Ray, Shield Battery  
  80  5:25  Void Ray, Probe  
  80  5:28  Probe  
  82  5:32  Probe  
  91  5:37  Probe  
  91  5:41  Probe  
  93  5:44  Probe  
  93  5:45  Photon Cannon  
  93  5:49  Probe  
  95  5:50  Pylon  
  95  5:51  Pylon  
  95  5:58  Fleet Beacon  
  95  6:08  Void Ray x2, Stargate  
  95  6:18  Pylon  
  103  6:30  Pylon  
  103  6:31  Gateway, Probe  
  103  6:32  Probe x2, Flux Vanes  
  102  6:34  Gateway  
  102  6:35  Gateway  
  102  6:44  Zealot x2  
  106  6:55  Robotics Facility  
  106  6:56  Nexus  
  106  6:58  Pylon  
  106  7:00  Photon Cannon  
  110  7:02  Photon Cannon  
  114  7:10  Pylon  
  114  7:14  Carrier (Chrono Boost)  
  118  7:18  Carrier (Chrono Boost)  
  118  7:28  Photon Cannon, Carrier (Chrono Boost)  
  124  7:31  Photon Cannon  
  124  7:40  Photon Cannon  
  124  7:41  Shield Battery  
  124  7:43  Observer, Robotics Bay  
  125  7:49  Photon Cannon, Zealot  
  125  7:50  Zealot  
  127  7:52  Photon Cannon  
  127  7:57  Shield Battery  
  125  8:03  Shield Battery  
  125  8:04  Shield Battery  
  125  8:06  Zealot x3  
  125  8:21  Zealot x2  
  125  8:22  Void Ray x2  
  125  8:27  Shield Battery  
  129  8:28  Shield Battery  
  129  8:29  Disruptor (Chrono Boost)  
  144  8:37  Zealot x2  
  138  8:42  Zealot x2  
  138  8:48  Pylon  
  138  8:55  Disruptor (Chrono Boost)  
  132  9:02  Zealot x3  
  117  9:12  Zealot  
  117  9:13  Zealot  

Tags
 
Add a new tag
Caveats
  • Supply blocks, unpowered buildings, or Contaminate may cause inaccurate times.
  • Supply counts are checked every 10 seconds.